 Dungeon Crawl Stone Soup version 0.31-a0-750-gfe7b580527 (webtiles) character file.

Game seed: 7567043188726215328

158 Dittersdorf the Trooper (level 5, -3/34 HPs)
             Began as a Gargoyle Fighter on Sept 14, 2023.
             Was an Initiate of Gozag.
             Slain by an iguana (5 damage)
             ... on level 4 of the Dungeon.
             The game lasted 00:03:18 (2504 turns).

Dittersdorf the Trooper (Gargoyle Fighter)          Turns: 2504, Time: 00:03:19

Health: -3/34      AC:  8    Str: 27    XL:     5   Next: 40%
Magic:  5/5        EV:  9    Int:  8    God:    Gozag
Gold:   58         SH:  8    Dex:  9    Spells: 4/4 levels left

rFire   . . .        a - +0 flail
rCold   . . .        q - +0 kite shield
rNeg    + . .        c - +2 ring mail of Understanding {Str+5}
rPois   ∞            p - +1 hat
rElec   +            (no cloak)
rCorr   .            (no gloves)
SInv    +            (no boots)
Will    .....        (no amulet) Stlth
                     m - ring of see invisible
HPRegen 0.25/turn    (no ring)
MPRegen 0.09/turn

%: no passive effects
@: corroded
A: sickness immunity, AC +4, negative energy resistance 1, electricity
resistance, torment resistance 1, petrification resistance
a: Renounce Religion, Potion Petition, Call Merchant, Bribe Branch


You were on level 4 of the Dungeon.
You worshipped Gozag.
Gozag was noncommittal.
You visited 1 branch of the dungeon, and saw 4 of its levels.

You collected 237 gold pieces.
You spent 126 gold pieces at shops.
You paid 53 gold pieces to Gozag.

Inventory:

Hand Weapons
 a - a +0 flail (weapon)
Missiles
 e - 2 curare-tipped darts (quivered)
Armour
 c - the +2 ring mail of Understanding (worn) {Str+5}
   (You took it off a hobgoblin on level 3 of the Dungeon)

   Str+5:     It affects your strength (+5).
 n - the +2 ring mail of Noon {Will+ Int+6}
   (You found it on level 2 of the Dungeon)

   Int+6:     It affects your intelligence (+6).
   Will+:     It increases your willpower.
 p - a +1 hat (worn)
 q - a +0 kite shield (worn)
Jewellery
 m - a ring of see invisible (left hand)
Scrolls
 b - a scroll of blinking {unknown}
 f - 5 scrolls of identify {unknown}
 g - 2 scrolls of enchant armour {unknown}
 h - a scroll of revelation {unknown}
 k - a scroll of amnesia {unknown}
 l - 2 scrolls of teleportation {unknown}
 s - a scroll of vulnerability {unknown}
Potions
 d - a potion of might
 i - a potion of lignification {unknown}
 j - 2 potions of curing {unknown}
 o - a potion of attraction {unknown}
 r - a potion of resistance {unknown}
 t - a potion of brilliance {unknown}


   Skills:
 + Level 4.3 Fighting
 + Level 3.1 Maces & Flails
 + Level 4.3 Armour
 + Level 4.2 Shields


You had 4 spell levels left.
You didn't know any spells.
Your spell library contained the following spells:

 Spells                   Type           Power      Damage    Failure   Level
 Ensorcelled Hibernation  Hex/Ice        0%         N/A       88%         2
 Jinxbite                 Hex            0%         N/A       88%         2
 Anguish                  Hex/Necr       0%         N/A       100%        4


Dungeon Overview and Level Annotations

Branches:
Dungeon (4/15)
 Temple: D:4-7

Altars:
Ashenzari
Gozag
Sif Muna

Shops:
D:3 [   D:4 (


Innate Abilities, Weirdness & Mutations

You are immune to sickness and miasma.
Your stone body is resilient. (AC +4)
You are immune to poison.
You resist negative energy. (rN+)
You are resistant to electric shocks. (rElec)
You are resistant to unholy torment.
You are immune to petrification.


Message History

You hit the jelly.
Your hands burn!
The jelly is moderately wounded.
You block the jelly's attack.
You sock the jelly! The acid corrodes you!
Your hands burn!
The jelly is almost dead.
The iguana bites you. You block the jelly's attack.
You hit the jelly but do no damage.
Your hands burn!
The jelly is almost dead.
The iguana closely misses you.
The jelly is distracted by your dazzling golden aura.
The iguana bites you but does no damage.
The jelly quivers.
You hit the jelly but do no damage.
The jelly is no longer distracted by gold.
Your hands burn!
The jelly is almost dead.
The jelly hits you.
You are splashed with acid!
* * * LOW HITPOINT WARNING * * *
The iguana bites you.
* * * LOW HITPOINT WARNING * * *
You are too injured to fight recklessly!
You are too injured to fight recklessly!
You are too injured to fight recklessly!
You are too injured to fight recklessly!
You are too injured to fight recklessly!
You are too injured to fight recklessly!
You are too injured to fight recklessly!
You are too injured to fight recklessly!
You are too injured to fight recklessly!
You are too injured to fight recklessly!
You are too injured to fight recklessly!
You are too injured to fight recklessly!
You are too injured to fight recklessly!
You are too injured to fight recklessly!
You are too injured to fight recklessly!
You are too injured to fight recklessly!
The jelly attacks as it pursues you! You block the jelly's attack.
The iguana attacks as it pursues you! The iguana bites you.
You die...
Your body crumbles into a pile of gold.

# ## .### #.###..
#.#... ....# #..#
#.$# ##### #lJ# #....
#.@#####.######
#.#......#.#....##
#.......##.#.....#
###.###.##.#.....####
#. ##.##.#.........
###.##.....#..#..##.#
...........#.######.#
#.###...##### #.# ..
##.## #.#


You could see an iguana and a jelly.

Vanquished Creatures
  A phantom (D:4)
  An adder (D:2)
  An ufetubus (D:4)
  A worm (D:2)
  An orc (D:2)
  9 ball pythons
  6 endoplasms (D:2)
  5 giant cockroaches
  5 hobgoblins
  4 quokkas
  2 bats
  5 frilled lizards
  12 goblins
  5 kobolds
  6 rats
64 creatures vanquished.

Notes
Turn   | Place    | Note
-------+----------+-------------------------------------------
     0 | D:1      | Dittersdorf the Gargoyle Fighter began the quest for the
                  | Orb.
     0 | D:1      | Reached XP level 1. HP: 14/14 MP: 1/1
   172 | D:1      | Reached XP level 2. HP: 17/19 MP: 2/2
   685 | D:2      | Reached XP level 3. HP: 22/24 MP: 3/3
  1000 | D:2      | Identified the +2 ring mail of Noon {Will+ Int+6}
  1365 | D:2      | Reached XP level 4. HP: 15/29 MP: 4/4
  1745 | D:3      | Found Zuuxel's Antique Armour Shoppe.
  1768 | D:3      | Bought a kite shield for 126 gold pieces
  1842 | D:3      | Identified the +2 ring mail of Understanding {Str+5}
  1942 | D:3      | Found a shimmering blue altar of Sif Muna.
  1942 | D:3      | Found a broken altar of Ashenzari.
  1987 | D:3      | Found an opulent altar of Gozag.
  2010 | D:3      | Became a worshipper of Gozag Ym Sagoz the Greedy
  2356 | D:4      | Noticed a phantom
  2358 | D:4      | Found Honter's Antique Weapon Shoppe.
  2366 | D:4      | Killed a phantom
  2367 | D:4      | Reached XP level 5. HP: 33/33 MP: 5/5
  2502 | D:4      | HP: 1/34 [iguana (5)]
  2504 | D:4      | Slain by an iguana

Illustrated notes

Levels and vault maps discovered:
D:1:      dpeg_arrival_erosion, layout_loops_ring
D:2:      layout_basic, nrook_mini_vaults, minmay_divided_ellipse
D:3:      layout_loops_ring, gammafunk_temple_overflow_wave,
          mainiacjoe_overflow_cross_hatched, serial_shops, shop
D:4:      layout_loops_ring, nicolae_tso_besieged_by_evil, serial_shops,
          nicolae_shop_tiny_waterfront, serial_co_window_serial,
          co_window_corner_a, co_window_corner_a, co_window_corner_a,
          co_window_corner_a, co_window_paths_a, co_window_cross_1,
          co_window_corner_a, co_window_broadway_a, co_window_of_opportunity_b,
          co_window_2corner, co_window_of_opportunity_c, co_window_broadway_b,
          co_window_paths_c, glass_columns_a, glass_columns_a, glass_columns_a,
          glass_columns_a, glass_columns_c

Skill      XL: |  1  2  3  4 |
---------------+-------------+-----
Fighting       | 4 |  4.3
Armour         | 4 |  4.3
Maces & Flails | 3 |  3.1
Shields        | 4 |  4.2

Action                     |  1- 3 |  4- 6 || total
---------------------------+-------+-------++-------
  Melee: Flail             |   152 |    71 ||   223
 Armour: Scale mail        |    88 |       ||    88
         Ring mail         |    24 |    44 ||    68
  Dodge: Dodged            |    85 |    29 ||   114
  Block: Buckler           |    32 |     3 ||    35
         Kite shield       |       |    30 ||    30

Table legend: (Time is in decaauts)
 A = Elapsed time spent in this place.
 B = Non-inter-level travel time spent in this place.
 C = Inter-level travel time spent in this place.
 D = Time resting spent in this place.
 E = Time spent auto-exploring this place.
 F = Levels seen in this place.
 G = Mean time per level.
                   A        B        C        D        E       F      G
               +--------+--------+--------+--------+--------+-----+--------+
         Total |   2575 |   2408 |    167 |     55 |   1804 |   4 |  643.8 |
       Dungeon |   2575 |   2408 |    167 |     55 |   1804 |   4 |  643.8 |
               +--------+--------+--------+--------+--------+-----+--------+

Top non-repeatable levels by time:
     D:2: 1045 daAuts
     D:3: 751 daAuts
     D:1: 621 daAuts
     D:4: 157 daAuts
